 Dungeon Crawl Stone Soup version 0.29.1-13-g9f3cf754e1 (webtiles) character file.

Game seed: 17722363259515995949

198 wolfrpgdude the Trooper (level 5, -2/47 HPs)
             Began as a Minotaur Fighter on Feb 11, 2023.
             Slain by Edmund
             ... wielding a +2 dire flail of holy wrath
              (10 damage)
             ... on level 3 of the Dungeon.
             The game lasted 00:04:19 (2178 turns).

wolfrpgdude the Trooper (Minotaur Fighter)          Turns: 2178, Time: 00:04:20

Health: -2/47      AC: 10    Str: 22    XL:     5   Next: 47%
Magic:  4/4        EV:  9    Int:  5    God:
Gold:   172        SH:  0    Dex: 10    Spells: 4/4 levels left

rFire   x . .      SeeInvis .   a - +0 long sword
rCold   + . .      Faith    +   (no shield)
rNeg    . . .      Spirit   .   b - +0 scale mail
rPois   .          Reflect  .   (helmet restricted)
rElec   .          Harm     .   s - +1 cloak
rCorr   .          Rampage  .   (no gloves)
Will    .....                   m - +0 pair of boots
Stlth   ..........              l - amulet of faith
HPRegen 0.15/turn               g - ring of ice
MPRegen 0.09/turn               (no ring)

@: no status effects
A: horns 2, retaliatory headbutt
a: no special abilities


You were on level 3 of the Dungeon.
You visited 1 branch of the dungeon, and saw 4 of its levels.

You collected 172 gold pieces.

Inventory:

Hand Weapons
 a - a +0 long sword (weapon)
 h - a +2 longbow of flaming
Armour
 b - a +0 scale mail (worn)
 m - a +0 pair of boots (worn)
 s - a +1 cloak (worn)
Jewellery
 g - a ring of ice (left hand)
 l - an amulet of faith (around neck)
Wands
 o - a wand of iceblast (13)
Scrolls
 n - a scroll of fog
 p - 2 scrolls of amnesia
 q - 4 scrolls of identify {unknown}
 r - a scroll of immolation {unknown}
 t - 3 scrolls of vulnerability {unknown}
Potions
 c - a potion of curing {unknown}
 e - 2 potions of lignification {unknown}
 f - 2 potions of cancellation {unknown}
 i - a potion of attraction {unknown}
 j - a potion of flight {unknown}
 k - 2 potions of haste {unknown}


   Skills:
 + Level 4.9 Fighting
 + Level 4.0 Long Blades
 + Level 4.8 Armour
 + Level 4.8 Shields


You had 4 spell levels left.
You didn't know any spells.
Your spell library contained the following spells:

 Spells                   Type           Power      Damage    Failure   Level
 Sting                    Tmut/Pois      0%         1d3       78%         1
 Blink                    Tloc           0%         N/A       89%         2
 Poisonous Vapours        Pois/Air       0%         N/A       89%         2
 Lesser Beckoning         Tloc           0%         N/A       98%         3
 Olgreb's Toxic Radiance  Pois           0%         N/A       100%        4
 Manifold Assault         Tloc           0%         N/A       100%        5


Dungeon Overview and Level Annotations

Branches:
Dungeon (4/15)
 Temple: D:4-7

Altars:
Xom

Shops:
D:4 *

Annotations:
D:3 Edmund


Innate Abilities, Weirdness & Mutations

You have a pair of horns on your head.
You reflexively headbutt those who attack you in melee.


Message History

You shoot an arrow. The arrow hits Edmund!
The arrow burns Edmund.
Edmund is moderately wounded.
You shoot an arrow. The arrow barely misses Edmund.
Edmund hits you with a +2 dire flail of holy wrath. x2
You shoot an arrow.
The arrow hits Edmund but does no damage.
Edmund is moderately wounded.
Edmund barely misses you. You furiously retaliate!
You headbutt Edmund. The scorpion zombie barely misses you.
You furiously retaliate!
You headbutt the scorpion zombie! Edmund barely misses you.
Edmund attacks as you move away!
Edmund hits you with a +2 dire flail of holy wrath.
The scorpion zombie hits you but does no damage.
An adder zombie comes into view.
Edmund attacks as you move away!
Edmund hits you with a +2 dire flail of holy wrath!
Edmund attacks as you move away! Edmund barely misses you.
The scorpion zombie attacks as you move away!
The scorpion zombie hits you but does no damage.
You shoot an arrow.
The arrow hits Edmund but does no damage.
Edmund is moderately wounded.
The scorpion zombie completely misses you.
Edmund hits you but does no damage. Edmund closely misses you.
You furiously retaliate!
You headbutt Edmund. The scorpion zombie closely misses you.
There is a stone staircase leading up here.
Edmund hits you with a +2 dire flail of holy wrath!
The scorpion zombie hits you but does no damage.
You climb upwards.
There is a stone staircase leading down here.
Sorry, you're not good enough to have a special ability.
Your +2 longbow of flaming stops flaming.
a - a +0 long sword (weapon)
You hit Edmund but do no damage.
Edmund is heavily wounded.
Edmund hits you with a +2 dire flail of holy wrath!
* * * LOW HITPOINT WARNING * * *
Edmund hits you with a +2 dire flail of holy wrath!
You die...

..#######..# #.## ...........#
#.## ...######.## #.## ...#
#.# #.## ...# #.# #.## (..###
#.# #.## ...).####.# #.##
####....#.############### #.##
#.##.[.......@.......# #.##
#.####....##.@.#####.######.##
#.# ####.##.#.#####...)......
#.#######....#..............##
#..........#####.........####
####.########...#...#########
.....# ###.#.### ###### #...#
#####


You could see Edmund.

Vanquished Creatures
  An ogre (D:4)
  3 adders
  2 river rats (D:3)
  4 worms (D:3)
  An orc (D:3)
  2 ball pythons
  6 bats
  4 endoplasms
  2 giant cockroaches
  5 goblins
  5 hobgoblins
  4 jackals (D:2)
  2 frilled lizards
  4 kobolds
  10 rats
55 creatures vanquished.

Notes
Turn   | Place    | Note
-------+----------+-------------------------------------------
     0 | D:1      | wolfrpgdude the Minotaur Fighter began the quest for the
                  | Orb.
     0 | D:1      | Reached XP level 1. HP: 19/19 MP: 0/0
   233 | D:1      | Reached XP level 2. HP: 27/27 MP: 1/1
   371 | D:1      | Identified a scroll of acquirement
   371 | D:1      | Acquired a +2 longbow of flaming
   663 | D:2      | Found a faded altar of an unknown god.
   782 | D:2      | Found a shimmering altar of Xom.
   915 | D:2      | Reached XP level 3. HP: 33/33 MP: 2/2
  1857 | D:3      | Reached XP level 4. HP: 41/41 MP: 3/3
  2050 | D:4      | Noticed an ogre
  2058 | D:4      | Killed an ogre
  2059 | D:4      | Reached XP level 5. HP: 37/47 MP: 4/4
  2157 | D:4      | Found Kusche's General Store.
  2163 | D:4      | Noticed Edmund
  2178 | D:3      | Slain by Edmund

Illustrated notes

Levels and vault maps discovered:
D:1:      dpeg_arrival_fog, layout_rooms
D:2:      layout_rooms, chequers_ecumenical_altar_island, basic_altar
D:3:      layout_loops_ring, lightli_sewer_entry_pipes
D:4:      layout_rooms, mainiacjoe_overflow_boulevard, hangedman_ru_absence,
          nicolae_yredelemnul_corpse_copse, serial_shops,
          nicolae_take_the_stairs, chequers_serial_rivers_large_a,
          reono_crystal_passage, nicolae_inconvenience_store,
          due_unseen_surprise, uniq_natasha, uniq_edmund

Skill      XL: |  1  2  3  4 |
---------------+-------------+-----
Shields        | 4 |  4.8
Fighting       | 4 |  4.9
Armour         | 4 |  4.8
Long Blades    | 3 4 |  4.0

Action                   |  1- 3 |  4- 6 || total
-------------------------+-------+-------++-------
Melee: Long sword        |    34 |    13 ||    47
       Headbutt          |     2 |     1 ||     3
 Fire: Longbow           |    67 |    21 ||    88
  Use: Scroll            |     5 |       ||     5
       Potion            |       |     1 ||     1
Armor: Scale mail        |    36 |    20 ||    56
Dodge: Dodged            |    36 |    20 ||    56
Block: Buckler           |     2 |       ||     2
